 Dungeon Crawl Stone Soup version 0.31.0-12-g77e489cdc1 (webtiles) character file.

Game seed: 14909518716790246197

4409 Marvel the Cleaver (level 10, -15/86 HPs)
             Began as a Hill Orc Fighter on Feb 14, 2024.
             Was an Elder of Uskayaw.
             Killed from afar by a gargoyle (31 damage)
             ... with a stone arrow
             ... on level 12 of the Dungeon.
             The game lasted 00:13:42 (7948 turns).

Marvel the Cleaver (Hill Orc Fighter)               Turns: 7948, Time: 00:13:42

Health: -15/86     AC: 16    Str: 24    XL:     10   Next: 36%
Magic:  10/10      EV:  7    Int:  8    God:    Uskayaw [****..]
Gold:   350        SH:  5    Dex: 10    Spells: 9/9 levels left

rFire   . . .        a - +5 war axe
rCold   . . .        c - +0 buckler
rNeg    . . .        A - +0 plate armour
rPois   +            (no helmet)
rElec   .            j - +0 cloak
rCorr   .            (no gloves)
SInv    .            B - +0 pair of boots
Will    .....        i - amulet of the acrobat Stlth
                     m - ring of poison resistance
HPRegen 0.34/turn    (no ring)
MPRegen 0.12/turn

%: acrobat
@: about to teleport
A: no striking features
a: Renounce Religion, Stomp, Line Pass


You were on level 12 of the Dungeon.
You worshipped Uskayaw.
Uskayaw was noncommittal.
You visited 1 branch of the dungeon, and saw 10 of its levels.

You collected 350 gold pieces.

Inventory:

Hand Weapons
 a - a +5 war axe (weapon)
 n - a +0 halberd
 x - a +2 battleaxe of freezing
 G - a +5 trident of venom
Missiles
 e - 5 poisoned darts (quivered)
 p - 3 throwing nets
Armour
 b - a +0 scale mail
 c - a +0 buckler (worn)
 j - a +0 cloak (worn)
 t - a +3 leather armour of poison resistance
 A - a +0 plate armour (worn)
 B - a +0 pair of boots (worn)
 E - an orb of mayhem
Jewellery
 i - an amulet of the acrobat (around neck)
 m - a ring of poison resistance (left hand)
 s - the ring of Equivalence {rF- Int+6 Dex+5}
   (You found it on level 5 of the Dungeon)

   [ring of intelligence]

   Int+6:     It affects your intelligence (+6).
   Dex+5:     It affects your dexterity (+5).
   rF-:       It makes you vulnerable to fire.
Wands
 w - a wand of flame (36)
 z - a wand of polymorph (9)
Scrolls
 f - 2 scrolls of vulnerability {unknown}
 k - a scroll of teleportation
 l - 11 scrolls of identify
 u - a scroll of revelation {unknown}
 y - 2 scrolls of enchant armour {unknown}
 D - a scroll of poison {unknown}
Potions
 d - a potion of might
 g - a potion of brilliance
 h - a potion of heal wounds
 o - 2 potions of mutation {unknown}
 q - 4 potions of lignification {unknown}
 r - 3 potions of invisibility
 v - 3 potions of curing {unknown}
 C - a potion of degeneration {unknown}
 F - a potion of cancellation {unknown}


   Skills:
 + Level 7.4 Fighting
 * Level 14.8 Axes
 + Level 1.1 Throwing
 + Level 7.8 Armour
 + Level 5.5 Shields


You had 9 spell levels left.
You didn't know any spells.
Your spell library contained the following spells:

 Spells                   Type           Power      Damage    Failure   Level
 Foxfire                  Conj/Fire      0%         2x1d4     100%        1
 Summon Small Mammal      Summ           0%         N/A       100%        1
 Blink                    Tloc           0%         N/A       100%        2
 Lesser Beckoning         Tloc           0%         N/A       100%        2
 Momentum Strike          Conj/Tloc      0%         3d8       100%        2
 Scorch                   Fire           0%         2d5       100%        2
 Call Canine Familiar     Summ           0%         N/A       100%        3
 Fugue of the Fallen      Necr           0%         N/A       100%        3
 Ozocubu's Armour         Ice            0%         N/A       100%        3
 Brom's Barrelling Bould  Conj/Erth      0%         2d3       100%        4
 Flame Wave               Conj/Fire      0%         2d4       100%        4
 Manifold Assault         Tloc           0%         N/A       100%        4
 Summon Blazeheart Golem  Fire/Summ      0%         N/A       100%        4
 Fireball                 Conj/Fire      0%         3d3       100%        5
 Iskenderun's Battlesphe  Conj           0%         2d6       100%        5
 Conjure Ball Lightning   Conj/Air       0%         3x3d6     100%        6
 Plasma Beam              Fire/Air       0%         2x1d10    100%        6
 Starburst                Conj/Fire      0%         6d3       100%        6
 Summon Cactus Giant      Summ           0%         N/A       100%        6
 Orb of Destruction       Conj           0%         9d5       100%        7


Dungeon Overview and Level Annotations

Branches:
Dungeon (9/15)             Temple (0/1) D:7
   Lair: D:8-11         Orc: D:9-12

Altars:
Makhleb
Qazlal
Sif Muna
Uskayaw

Annotations:
D:5 3 runed translucent doors, mmk665's ghost, amateur GrFi


Message History

You are too injured to fight recklessly!
You are too injured to fight recklessly!
You are too injured to fight recklessly!
You slash the fire elemental!
You destroy the fire elemental!
You miss the vampire mosquito. You slash the vampire mosquito!
You block the vampire mosquito's attack.
The vampire mosquito barely misses you. x2
Uskayaw will force your foes to helplessly watch your dance.
Uskayaw prepares the audience for your solo!
The helpless fire elemental fails to defend itself.
You slice the fire elemental!!
The fire elemental is heavily damaged.
The helpless vampire mosquito fails to defend itself.
You slice the vampire mosquito!!
You destroy the vampire mosquito!
The helpless vampire mosquito fails to defend itself.
You hit the vampire mosquito.
The fire elemental is no longer paralysed.
The vampire mosquito is no longer paralysed.
The vampire mosquito closely misses you.
The fire elemental hits you. The fire elemental burns you!
The vampire mosquito bites you but does no damage.
Uskayaw will force your foes to share their pain.
Uskayaw links your audience in an emotional bond!
You slash the fire elemental!
You destroy the vampire mosquito!
The fire elemental is severely damaged.
The fire elemental hits you. The fire elemental burns you!
The gargoyle hurls a stone arrow at you.
The stone arrow hits you!!
* * * LOW HITPOINT WARNING * * *
Okay, then.
As you read the scroll of teleportation, it crumbles to dust.
You feel strangely unstable. The fire elemental hits you.
The fire elemental burns you!
* * * LOW HITPOINT WARNING * * *
The gargoyle hurls a stone arrow at you.
The stone arrow hits you!!
You die...

### ~≈≈≈≈ .. ~~ .# ~~~~~~ #.###
### ... ####.. ...... #...
..###.# ......# ~~≈~~~
###'####.#...# .#.#..#
#≈≈~~9##.....##...## ......#
#≈≈...............# .#.#..#
#~.....°EE○°○°...# ......#
##..E.#######.○..# .#.#.#
#...@# #☼☼..# .....# #....#
#....# ####.# #....# #....#
.....## #....# #......
####..#######....#######E..E###
##)......#....#.......○>○#
#.......#....#.......○.○#
#.).....#....#..!...
#)......#....#......


You could see a fire elemental (pain bonded) and a gargoyle (pain bonded).

Vanquished Creatures
  A hornet (D:7)
  3 yaks (D:8)
  Eustachio (D:5)
  3 fire elementals (D:12)
  2 vampire mosquitoes (D:12)
  An acid dragon (D:8)
  2 water moccasins
  An ice beast (D:6)
  A black bear (D:4)
  An orc warrior (D:7)
  A phantom (D:4)
  6 centaurs
  Blork the orc (D:6)
  A kobold brigand (D:8)
  2 bullfrogs (D:9)
  A scorpion (D:5)
  A gnoll sergeant (D:8)
  8 wights
  4 killer bees (D:8)
  2 bombardier beetles
  A crimson imp (D:7)
  2 orc priests
  2 hounds (D:6)
  Crazy Yiuf (D:5)
  2 gnoll boudas (D:8)
  2 iguanas
  Natasha (thrice) (D:2)
  3 orc wizards
  23 gnolls
  2 adders
  2 shadow imps
  A dart slug (D:2)
  29 orcs
  5 endoplasms
  3 giant cockroaches
  8 goblins
  7 hobgoblins
  11 kobolds
  A quokka (D:3)
  A ball python (D:1)
  6 bats
  5 frilled lizards
  5 rats
168 creatures vanquished.

Notes
Turn   | Place    | Note
-------+----------+-------------------------------------------
     0 | D:1      | Marvel the Hill Orc Fighter began the quest for the Orb.
     0 | D:1      | Reached XP level 1. HP: 19/19 MP: 1/1
   233 | D:1      | Reached skill level 3 in Axes
   233 | D:1      | Reached XP level 2. HP: 23/27 MP: 2/2
   813 | D:2      | Reached XP level 3. HP: 25/33 MP: 3/3
   892 | D:2      | Reached skill level 4 in Axes
  1098 | D:2      | Noticed Natasha
  1109 | D:2      | Killed Natasha
  1248 | D:2      | Noticed Natasha
  1264 | D:2      | HP: 1/33 [Natasha (5)]
  1267 | D:2      | Killed Natasha
  1268 | D:2      | Reached skill level 5 in Axes
  1268 | D:2      | Reached XP level 4. HP: 2/40 MP: 4/4
  1574 | D:2      | Noticed Natasha
  1598 | D:2      | Killed Natasha
  1938 | D:2      | Reached XP level 5. HP: 32/46 MP: 5/5
  2774 | D:4      | Identified the +4 ring mail of the Soldier {Harm}
  2794 | D:4      | Noticed an ogre
  2869 | D:4      | Noticed a black bear
  3013 | D:4      | Reached skill level 6 in Axes
  3032 | D:4      | Killed a black bear
  3033 | D:4      | Reached XP level 6. HP: 43/52 MP: 6/6
  3299 | D:4      | Reached skill level 7 in Axes
  3350 | D:4      | Found a hide-covered altar of Uskayaw.
  3350 | D:4      | Noticed a +0 spear
  3350 | D:4      | Noticed a +0 short sword
  3350 | D:4      | Noticed a +0 dagger
  3350 | D:4      | Noticed a +0 short sword
  3352 | D:4      | Noticed a +0 spear
  3353 | D:4      | Noticed a +0 falchion
  3353 | D:4      | Noticed a +0 dagger
  3353 | D:4      | Noticed a +0 falchion
  3354 | D:4      | Became a worshipper of Uskayaw the Reveller
  3494 | D:5      | Entered Level 5 of the Dungeon
  3545 | D:5      | Reached * piety under Uskayaw
  3551 | D:5      | Reached ** piety under Uskayaw
  3554 | D:5      | Reached XP level 7. HP: 47/60 MP: 7/7
  3621 | D:5      | Reached skill level 8 in Axes
  3629 | D:5      | Reached *** piety under Uskayaw
  4011 | D:5      | Noticed mmk665's ghost (amateur GrFi)
  4011 | D:5      | Noticed a vampire mosquito
  4017 | D:5      | Found a runed translucent gate.
  4017 | D:5      | Found a runed translucent gate.
  4017 | D:5      | Found a runed translucent gate.
  4048 | D:5      | Identified the ring of Equivalence {rF- Int+6 Dex+5}
  4202 | D:5      | Found a stormy altar of Qazlal.
  4237 | D:5      | Noticed Eustachio
  4248 | D:5      | Killed Eustachio
  4249 | D:5      | Reached skill level 5 in Armour
  4267 | D:5      | Reached skill level 9 in Axes
  4422 | D:5      | Found a runed translucent door.
  4423 | D:5      | Noticed Crazy Yiuf
  4428 | D:5      | Killed Crazy Yiuf
  4658 | D:6      | Reached skill level 5 in Fighting
  4658 | D:6      | Reached XP level 8. HP: 20/68 MP: 8/8
  4858 | D:6      | Found a shimmering blue altar of Sif Muna.
  5126 | D:6      | Reached skill level 10 in Axes
  5414 | D:6      | Reached **** piety under Uskayaw
  5417 | D:6      | Reached ***** piety under Uskayaw
  5520 | D:6      | Noticed Blork the orc
  5532 | D:6      | Killed Blork the orc
  5533 | D:6      | Reached skill level 11 in Axes
  5730 | D:7      | Found a staircase to the Ecumenical Temple.
  5884 | D:7      | Reached XP level 9. HP: 38/75 MP: 9/9
  6074 | D:7      | Reached skill level 12 in Axes
  6168 | D:7      | Found a burning altar of Makhleb.
  6467 | D:8      | Noticed a hornet
  6476 | D:7      | Killed a hornet
  6777 | D:8      | Reached skill level 13 in Axes
  7075 | D:8      | Reached skill level 5 in Shields
  7106 | D:8      | Reached skill level 1 in Throwing
  7117 | D:8      | Reached skill level 14 in Axes
  7121 | D:8      | Reached XP level 10. HP: 63/84 MP: 10/10
  7596 | D:9      | Noticed a two-headed ogre
  7634 | D:9      | You fall into a shaft and drop 3 floors!
  7943 | D:12     | Noticed a gargoyle
  7948 | D:12     | Killed from afar by a gargoyle

Illustrated notes

Levels and vault maps discovered:
D:1:      tarquinn_simple_flora_water_e, layout_basic, minmay_misc_feat_pillars,
          dk_noncrumbling_3, minmay_pentomino_q2
D:2:      layout_loops_ring, nrook_loot_triangle, serial_bayou_lagoon_a,
          roderic_lattice_a, uniq_natasha
D:3:      layout_loops_ring
D:4:      layout_basic, nicolae_uskayaw_en_pointe
D:5:      layout_loops_corners, kennysheep_little_box, gammafunk_ghost_split,
          st_stairs_6, uniq_crazy_yiuf_cottage, uniq_eustachio
D:6:      layout_loops_ring, lemuel_coloured_pillars_altar, uniq_blork_the_orc
D:7:      layout_rooms, makhleb_grotto_becter, minmay_temple_entry_mist,
          serial_park_tiny_pond, grunt_decor_cap
D:8:      layout_basic, minmay_fountain_box
D:9:      layout_big_octagon, fedhas_altar_4, david_orc_1_choice,
          serial_gnoll_camp, gnoll_camp_mini_hut, gnoll_camp_mini_sergeant,
          gnoll_camp_mini_loothouse, gnoll_camp_mini_house, st_stairs_2
D:12:     layout_basic, serial_co_window_serial, co_window_paths_b,
          co_window_paths_a, co_window_of_opportunity_a, co_window_corner_a,
          co_window_of_opportunity_a, co_window_corner_a, co_window_paths_a,
          co_window_2corner, co_window_corner_cb, co_window_2corner,
          co_window_corner_cb, co_window_cross_4, glass_columns_a,
          glass_columns_b, st_stairs_10, uniq_azrael, uniq_nergalle, uniq_snorg

Skill      XL: |  1  2  3  4  5  6  7  8  9 10 |
---------------+-------------------------------+-----
Axes           | 3 5 6 7 9 11 14 | 14.8
Fighting       | 4 5 6 7 |  7.4
Armour         | 4 5 6 7 |  7.8
Shields        | 4 5 |  5.5
Throwing       | 1 |  1.1

Action                     |  1- 3 |  4- 6 |  7- 9 | 10-12 || total
---------------------------+-------+-------+-------+-------++-------
  Melee: War axe           |    80 |   119 |   207 |    20 ||   426
         Trident           |       |       |    37 |    49 ||    86
  Throw: Dart              |       |     2 |     2 |     1 ||     5
    Use: Potion            |     2 |       |     2 |       ||     4
         Scroll            |       |    12 |       |     1 ||    13
   Stab: Paralysed         |       |       |     7 |     5 ||    12
 Armour: Scale mail        |    78 |    99 |    91 |       ||   268
         Plate armour      |       |       |    71 |    92 ||   163
  Dodge: Dodged            |    38 |    54 |   112 |    25 ||   229
  Block: Buckler           |    18 |    22 |    63 |    18 ||   121
